 Dungeon Crawl Stone Soup version 0.28-a0-258-g8de209e91f (webtiles) character file.

Game seed: 17447970290605479710

83 Dittersdorf the Skirmisher (level 4, -1/29 HPs)
             Began as a Gargoyle Fighter on Aug 26, 2021.
             Slain by an ogre (22 damage)
             ... on level 3 of the Dungeon.
             The game lasted 00:01:52 (2143 turns).

Dittersdorf the Skirmisher (Gargoyle Fighter)       Turns: 2143, Time: 00:01:53

Health: -1/29      AC: 11    Str: 20    XL:     4   Next: 44%
Magic:  4/4        EV: 11    Int:  9    God:
Gold:   124        SH:  8    Dex:  9    Spells: 3/3 levels left

rFire   . . .      SeeInvis .   a - +0 flail
rCold   . . .      Faith    .   c - +0 kite shield
rNeg    + . .      Spirit   .   b - +0 scale mail
rPois   ∞          Reflect  .   (no helmet)
rElec   +          Harm     .   (no cloak)
rCorr   .          Rampage  .   f - +0 pair of gloves
Will    .....                   (no boots)
Stlth   ..........              (no amulet)
HPRegen 0.09/turn               i - +4 ring of evasion
MPRegen 0.09/turn               (no ring)

@: no status effects
A: sickness immunity, AC +3, negative energy resistance 1, electricity
resistance, torment resistance 1, petrification resistance
a: no special abilities


You were on level 3 of the Dungeon.
You visited 1 branch of the dungeon, and saw 3 of its levels.

You collected 124 gold pieces.

Inventory:

Hand Weapons
 a - a +0 flail (weapon)
Armour
 b - a +0 scale mail (worn)
 c - a +0 kite shield (worn)
 f - a +0 pair of gloves (worn)
Jewellery
 i - a +4 ring of evasion (left hand)
Scrolls
 e - 2 scrolls of fog {unknown}
 g - a scroll of summoning {unknown}
 j - 2 scrolls of identify {unknown}
 l - a scroll of vulnerability {unknown}
 m - a scroll of teleportation {unknown}
 n - 2 scrolls of holy word {unknown}
Potions
 d - 3 potions of might
 h - a potion of cancellation {unknown}
 k - a potion of resistance {unknown}
 o - a potion of magic {unknown}


   Skills:
 + Level 4.0 Fighting
 + Level 2.8 Maces & Flails
 + Level 4.0 Armour
 + Level 4.0 Shields


You had 3 spell levels left.
You didn't know any spells.
Your spell library contained the following spells:

 Spells                   Type           Power      Damage    Failure   Level
 Static Discharge         Conj/Air       0%         N/A       100%        2
 Lightning Bolt           Conj/Air       0%         1d11      100%        5
 Maxwell's Capacitive Co  Air            0%         ∞         100%        8


Dungeon Overview and Level Annotations

Branches:
Dungeon (3/15)

Altars:


Innate Abilities, Weirdness & Mutations

You are immune to sickness and miasma.
Your stone body is resilient. (AC +3)
You are immune to poison.
You resist negative energy. (rN+)
You are resistant to electric shocks. (rElec)
You are resistant to unholy torment.
You are immune to petrification.


Message History

Your Armour skill increases to level 4!
No target in view!
You climb downwards.
The goblin barely misses you.
There is a stone staircase leading up here.
The goblin hits you but does no damage.
You climb upwards.
There is a stone staircase leading down here.
You barely miss the goblin. The goblin hits you but does no damage.
The goblin closely misses you.
You closely miss the goblin. You block the goblin's attack.
You closely miss the goblin. The goblin misses you.
You closely miss the goblin. You block the goblin's attack. x2
You sock the goblin!
You kill the goblin!
No target in view!
No target in view!
No target in view!
No target in view!
No target in view!
No target in view!
No target in view!
No target in view!
No target in view!
No target in view!
No target in view!
No target in view!
No target in view!
You climb downwards.
The ogre hits you with a +0 giant club!
There is a stone staircase leading up here.
You sock the ogre!
The ogre is moderately wounded.
The ogre barely misses you.
You hit the ogre but do no damage.
The ogre is moderately wounded.
The ogre closely misses you.
You barely miss the ogre.
The ogre is moderately wounded.
The ogre hits you with a +0 giant club!!
Ouch! That really hurt!
You die...

..# #.. #.#
#.# #O#######
#....g.g$ #.#
###########.#
.........@O.#
###########.#
#.# #.# #.#
#.# #.. ###


You could see an ogre.

Vanquished Creatures
  3 gnolls (D:1)
  3 dart slugs (D:1)
  3 ball pythons
  7 endoplasms
  10 goblins
  6 hobgoblins
  6 bats
  2 frilled lizards
40 creatures vanquished.

Notes
Turn   | Place    | Note
-------+----------+-------------------------------------------
     0 | D:1      | Dittersdorf the Gargoyle Fighter began the quest for the
                  | Orb.
     0 | D:1      | Reached XP level 1. HP: 14/14 MP: 1/1
   484 | D:1      | Reached XP level 2. HP: 19/19 MP: 2/2
   879 | D:1      | Reached XP level 3. HP: 23/23 MP: 3/3
  1496 | D:1      | Reached XP level 4. HP: 19/29 MP: 4/4
  2109 | D:3      | Noticed an ogre
  2143 | D:3      | Slain by an ogre

Illustrated notes

Levels and vault maps discovered:
D:1:      wheals_arrival_linesprint, layout_rooms, serial_curves,
          eino_curves_02, eino_curves_03, chequers_serial_rivers_micro_d,
          chequers_hall_statues_corner_a
D:2:      layout_rooms
D:3:      layout_loops_ring, chequers_ecumenical_altar_island, serial_shops,
          nicolae_shop_waterfront, minmay_goblin_outpost

Skill      XL: |  1  2  3  4 |
---------------+-------------+-----
Fighting       | 4 |  4.0
Shields        | 4 |  4.0
Armour         | 4 |  4.0
Maces & Flails | |  2.8

Action                   |  1- 3 |  4- 6 || total
-------------------------+-------+-------++-------
Melee: Flail             |    65 |    29 ||    94
Armor: Scale mail        |    30 |    10 ||    40
Dodge: Dodged            |    37 |    13 ||    50
Block: Kite shield       |    32 |    17 ||    49

Table legend: (Time is in decaauts)
 A = Elapsed time spent in this place.
 B = Non-inter-level travel time spent in this place.
 C = Inter-level travel time spent in this place.
 D = Time resting spent in this place.
 E = Time spent auto-exploring this place.
 F = Levels seen in this place.
 G = Mean time per level.
                   A        B        C        D        E       F      G
               +--------+--------+--------+--------+--------+-----+--------+
         Total |   2197 |   2116 |     81 |    397 |   1349 |   3 |  732.3 |
       Dungeon |   2197 |   2116 |     81 |    397 |   1349 |   3 |  732.3 |
               +--------+--------+--------+--------+--------+-----+--------+

Top non-repeatable levels by time:
     D:1: 1485 daAuts
     D:2: 686 daAuts
     D:3: 25 daAuts
